TOP OF THE 1ST |
Lehigh Valley IronPigs batting - Pitching for Oklahoma City Dodgers : RHP Cody Poteet
|
Pitching: RHP Cody Poteet
|
|
Batting: LHB Darren Seferina
|
0-0: Called Strike 0-1: Ball 1-1: Ball 2-1: Foul Ball, location: 2F 2-2: Strikes out looking
|
Batting: SHB Andrew Velazquez
|
0-0: Foul Ball, location: 2F 0-1: Ball 1-1: Ball 2-1: Foul Ball, location: 2F 2-2: Ball 3-2: Fly out, F7 (Line Drive, 78D)
|
Batting: RHB Eric S. Campbell
|
0-0: Ball 1-0: Called Strike 1-1: Ground out 4-3 (Groundball, 4)
|
Top of the 1st over - 0 runs, 0 hits, 0 errors, 0 left on base; Lehigh Valley 0 - Oklahoma City 0 |
BOTTOM OF THE 1ST |
Oklahoma City Dodgers batting - Pitching for Lehigh Valley IronPigs : RHP Aaron Blair
|
Pitching: RHP Aaron Blair
|
|
Batting: RHB Michael Hermosillo
|
0-0: Called Strike 0-1: Ball 1-1: Ball 2-1: Swinging Strike 2-2: Fly out, F9 (Line Drive, 9D)
|
Batting: LHB Kevin Kramer
|
0-0: Ball 1-0: Fly out, F7 (Flyball, 7LM)
|
Batting: RHB Josh Fuentes
|
0-0: Foul Ball, location: 2F 0-1: Ball 1-1: Ball 2-1: Ball 3-1: SINGLE (Groundball, 6S) (infield hit)
|
Batting: LHB Franchy Cordero
|
0-0: Swinging Strike 0-1: Ball Wild Pitch! Josh Fuentes to second 1-1: Called Strike 1-2: Ball 2-2: Foul Ball, location: 2F 2-2: Strikes out looking
|
Bottom of the 1st over - 0 runs, 1 hit, 0 errors, 1 left on base; Lehigh Valley 0 - Oklahoma City 0 |
TOP OF THE 2ND |
Lehigh Valley IronPigs batting - Pitching for Oklahoma City Dodgers : RHP Cody Poteet
|
Batting: SHB Victor Caratini
|
0-0: Ball 1-0: Called Strike 1-1: Ground out 4-3 (Groundball, 4)
|
Batting: RHB Gavin Cecchini
|
0-0: Called Strike 0-1: Fly out, F9 (Flyball, 89D)
|
Batting: LHB Troy Montgomery
|
0-0: Ball 1-0: Ball 2-0: Ball 3-0: Called Strike 3-1: Foul Ball, location: 2F 3-2: Base on Balls
|
Batting: RHB Dustin Peterson
|
0-0: Called Strike Troy Montgomery steals 2nd base 0-1: Ball 1-1: Called Strike 1-2: Strikes out swinging
|
Top of the 2nd over - 0 runs, 0 hits, 0 errors, 1 left on base; Lehigh Valley 0 - Oklahoma City 0 |
BOTTOM OF THE 2ND |
Oklahoma City Dodgers batting - Pitching for Lehigh Valley IronPigs : RHP Aaron Blair
|
Batting: RHB Sam Travis
|
0-0: Called Strike 0-1: Ball 1-1: Ball 2-1: Foul Ball, location: 2F 2-2: Fly out, F8 (Flyball, 8RS)
|
Batting: SHB Cedric Mullins
|
0-0: Foul Ball, location: 2F 0-1: Ball 1-1: Swinging Strike 1-2: Ball 2-2: Foul Ball, location: 2F 2-2: Ground out 6-3 (Groundball, 6)
|
Batting: SHB Richard Urena
|
0-0: Fly out, F7 (Flyball, 7S)
|
Bottom of the 2nd over - 0 runs, 0 hits, 0 errors, 0 left on base; Lehigh Valley 0 - Oklahoma City 0 |
TOP OF THE 3RD |
Lehigh Valley IronPigs batting - Pitching for Oklahoma City Dodgers : RHP Cody Poteet
|
Batting: RHB Joey Meneses
|
0-0: Called Strike 0-1: Ground out 1-3 (Groundball, 34S)
|
Batting: RHB Stone Garrett
|
0-0: Called Strike 0-1: Fly out, F8 (Flyball, 89D)
|
Batting: LHB Darren Seferina
|
0-0: Foul Ball, location: 2F 0-1: Foul Ball, location: 2F 0-2: Ball 1-2: Ball 2-2: Ball 3-2: Strikes out looking
|
Top of the 3rd over - 0 runs, 0 hits, 0 errors, 0 left on base; Lehigh Valley 0 - Oklahoma City 0 |
BOTTOM OF THE 3RD |
Oklahoma City Dodgers batting - Pitching for Lehigh Valley IronPigs : RHP Aaron Blair
|
Batting: RHB Max Pentecost
|
0-0: SINGLE (Groundball, 6MD)
|
Batting: RHB Bubba Starling
|
0-0: Ball 1-0: DOUBLE (Line Drive, 8RXD) Max Pentecost to third
|
Batting: RHB Michael Hermosillo
|
0-0: Ball 1-0: Called Strike 1-1: Called Strike 1-2: Foul Ball, location: 2F 1-2: Ball Wild Pitch! Max Pentecost scores Bubba Starling to third 2-2: Ball Wild Pitch! Bubba Starling scores 3-2: Foul Ball, location: 2F 3-2: Foul Ball, location: 2F 3-2: SINGLE (Flyball, 7S)
|
Batting: LHB Kevin Kramer
|
0-0: Sac Bunt - play at first, batter OUT! 1-3 Michael Hermosillo to second
|
Batting: RHB Josh Fuentes
|
0-0: Foul Ball, location: 2F 0-1: Fly out, F9 (Flyball, 89S)
|
Batting: LHB Franchy Cordero
|
0-0: Ball 1-0: Swinging Strike 1-1: Foul Ball, location: 2F 1-2: Ball 2-2: Ground out U3 (Groundball, 3)
|
Bottom of the 3rd over - 2 runs, 3 hits, 0 errors, 1 left on base; Lehigh Valley 0 - Oklahoma City 2 |
TOP OF THE 4TH |
Lehigh Valley IronPigs batting - Pitching for Oklahoma City Dodgers : RHP Cody Poteet
|
Batting: SHB Andrew Velazquez
|
0-0: Ball 1-0: Swinging Strike 1-1: Ball 2-1: Foul Ball, location: 2F 2-2: Ball 3-2: Base on Balls
|
Batting: RHB Eric S. Campbell
|
0-0: SINGLE (Line Drive, 4M) Andrew Velazquez to second
|
Batting: SHB Victor Caratini
|
0-0: Ball 1-0: Foul Ball, location: 2F 1-1: Foul Ball, location: 2F 1-2: Ball 2-2: Ball 3-2: Fly out, F7 (Flyball, 78M)
|
Batting: RHB Gavin Cecchini
|
0-0: Called Strike 0-1: Ball 1-1: Ball 2-1: Foul Ball, location: 2F 2-2: Foul Ball, location: 2F 2-2: Ball 3-2: Base on Balls Andrew Velazquez to third Eric S. Campbell to second
|
Batting: LHB Troy Montgomery
|
0-0: Ball 1-0: Foul Ball, location: 2F 1-1: Fly out, F8 (Flyball, 89XD) Runner from 3rd tags up, SCORES, no throw
|
Batting: RHB Dustin Peterson
|
0-0: SINGLE (Line Drive, 6MD) Eric S. Campbell to third Gavin Cecchini to second
|
Batting: RHB Joey Meneses
|
0-0: Called Strike 0-1: Fly out, F8 (Line Drive, 8LM)
|
Top of the 4th over - 1 run, 2 hits, 0 errors, 3 left on base; Lehigh Valley 1 - Oklahoma City 2 |
BOTTOM OF THE 4TH |
Oklahoma City Dodgers batting - Pitching for Lehigh Valley IronPigs : RHP Aaron Blair
|
Batting: RHB Sam Travis
|
0-0: Foul Ball, location: 2F 0-1: Reached on error, E4 (Groundball, 4)
|
Batting: SHB Cedric Mullins
|
0-0: Foul Ball, location: 2F 0-1: Ball 1-1: Ball 2-1: Foul Ball, location: 2F 2-2: Strikes out swinging
|
Batting: SHB Richard Urena
|
0-0: Called Strike 0-1: Ground out 6-3 (Groundball, 6)
|
Batting: RHB Max Pentecost
|
0-0: Foul Ball, location: 2F 0-1: Foul Ball, location: 2F 0-2: Ball 1-2: Ball 2-2: Foul Ball, location: 2F 2-2: Foul Ball, location: 2F 2-2: Ball 3-2: Strikes out looking
|
Bottom of the 4th over - 0 runs, 0 hits, 1 error, 1 left on base; Lehigh Valley 1 - Oklahoma City 2 |
TOP OF THE 5TH |
Lehigh Valley IronPigs batting - Pitching for Oklahoma City Dodgers : RHP Cody Poteet
|
Batting: RHB Stone Garrett
|
0-0: Called Strike 0-1: Ball 1-1: Ball 2-1: Ball 3-1: Bunt for hit - play at first, batter OUT! 1-3
|
Batting: LHB Darren Seferina
|
0-0: Bunt for hit - play at first, batter safe!
|
Batting: SHB Andrew Velazquez
|
0-0: Ball 1-0: Ball 2-0: Foul Ball, location: 2F 2-1: Ball 3-1: Foul Ball, location: 2F 3-2: Base on Balls Darren Seferina to second
|
Batting: RHB Eric S. Campbell
|
0-0: Ball 1-0: Ball 2-0: Ball 3-0: Base on Balls Darren Seferina to third Andrew Velazquez to second
|
Batting: SHB Victor Caratini
|
0-0: Fly out, F6 (Popup, 56)
|
Batting: RHB Gavin Cecchini
|
0-0: Called Strike 0-1: Ball 1-1: Ball 2-1: Ball 3-1: Fly out, F9 (Flyball, 9S)
|
Top of the 5th over - 0 runs, 1 hit, 0 errors, 3 left on base; Lehigh Valley 1 - Oklahoma City 2 |
BOTTOM OF THE 5TH |
Oklahoma City Dodgers batting - Pitching for Lehigh Valley IronPigs : RHP Aaron Blair
|
Batting: RHB Bubba Starling
|
0-0: Called Strike 0-1: Ball 1-1: Ball 2-1: SINGLE (Line Drive, 7LS)
|
Batting: RHB Michael Hermosillo
|
0-0: Ball 1-0: Foul Ball, location: 2F 1-1: Ball 2-1: Fly out, F8 (Line Drive, 8LD)
|
Batting: LHB Kevin Kramer
|
0-0: Ball 1-0: Ball 2-0: Ball 3-0: Called Strike 3-1: Swinging Strike 3-2: Foul Ball, location: 2F 3-2: Foul Ball, location: 2F 3-2: Foul Ball, location: 2F 3-2: Base on Balls Bubba Starling to second
|
Batting: RHB Josh Fuentes
|
0-0: Ball 1-0: Fielders Choice at 2nd, 1-6 (Groundball, P) Bubba Starling to third
|
Batting: LHB Franchy Cordero
|
0-0: Ball 1-0: Swinging Strike 1-1: Called Strike 1-2: Ball 2-2: Fly out, F7 (Flyball, 7LMF)
|
Bottom of the 5th over - 0 runs, 1 hit, 0 errors, 2 left on base; Lehigh Valley 1 - Oklahoma City 2 |
TOP OF THE 6TH |
Lehigh Valley IronPigs batting - Pitching for Oklahoma City Dodgers : RHP Cody Poteet
|
Pitching: RHP Eduardo Paredes
|
|
Batting: LHB Troy Montgomery
|
0-0: Ball 1-0: Called Strike 1-1: SINGLE (Line Drive, 78S)
|
Batting: RHB Dustin Peterson
|
0-0: Ball Troy Montgomery is caught stealing 2nd base 1-0: Swinging Strike 1-1: Foul Ball, location: 2F 1-2: Foul Ball, location: 2F 1-2: Strikes out swinging
|
Batting: RHB Joey Meneses
|
0-0: Ball 1-0: Ball 2-0: Ball 3-0: Called Strike 3-1: Base on Balls
|
Batting: RHB Stone Garrett
|
0-0: Called Strike 0-1: Ball 1-1: Ground out 1-3 (Groundball, P)
|
Top of the 6th over - 0 runs, 1 hit, 0 errors, 1 left on base; Lehigh Valley 1 - Oklahoma City 2 |
BOTTOM OF THE 6TH |
Oklahoma City Dodgers batting - Pitching for Lehigh Valley IronPigs : RHP Aaron Blair
|
Pitching: LHP Tyler Jay
|
|
Batting: RHB Sam Travis
|
0-0: Swinging Strike 0-1: SINGLE (Flyball, 89M)
|
Batting: SHB Cedric Mullins
|
0-0: Fly out, F6 (Flyball, 5D)
|
Batting: SHB Richard Urena
|
0-0: Fly out, F8 (Line Drive, 8LD)
|
Batting: RHB Max Pentecost
|
0-0: Ball 1-0: Ball 2-0: Foul Ball, location: 2F 2-1: Fly out, F9 (Flyball, 9D)
|
Bottom of the 6th over - 0 runs, 1 hit, 0 errors, 1 left on base; Lehigh Valley 1 - Oklahoma City 2 |
TOP OF THE 7TH |
Lehigh Valley IronPigs batting - Pitching for Oklahoma City Dodgers : RHP Eduardo Paredes
|
Batting: LHB Darren Seferina
|
0-0: Ball 1-0: Swinging Strike 1-1: Foul Ball, location: 2F 1-2: Ball 2-2: Strikes out swinging
|
Batting: SHB Andrew Velazquez
|
0-0: Swinging Strike 0-1: Ball 1-1: Ball 2-1: Fly out, F9 (Line Drive, 9)
|
Batting: RHB Eric S. Campbell
|
0-0: Foul Ball, location: 2F 0-1: Ball 1-1: Called Strike 1-2: Strikes out swinging
|
Top of the 7th over - 0 runs, 0 hits, 0 errors, 0 left on base; Lehigh Valley 1 - Oklahoma City 2 |
BOTTOM OF THE 7TH |
Oklahoma City Dodgers batting - Pitching for Lehigh Valley IronPigs : LHP Tyler Jay
|
Batting: RHB Bubba Starling
|
0-0: Swinging Strike 0-1: Called Strike 0-2: Foul Ball, location: 2F 0-2: Ball 1-2: Ball 2-2: DOUBLE (Line Drive, 8RXD)
|
Batting: RHB Michael Hermosillo
|
0-0: Reached on error, E6 (Groundball, 6) Bubba Starling to third
|
Batting: LHB Kevin Kramer
|
0-0: Fly out, F9 (Flyball, 9LS)
|
Batting: RHB Josh Fuentes
|
0-0: SINGLE (Flyball, 9LS) Bubba Starling scores Michael Hermosillo to second Runner from 2nd tries for 3rd, SAFE, no throw
|
Batting: LHB Franchy Cordero
|
0-0: Called Strike 0-1: Ball 1-1: Ball 2-1: SINGLE (Line Drive, 78S) Michael Hermosillo scores Josh Fuentes to second
|
Pitching: RHP Koda Glover
|
|
Batting: RHB Sam Travis
|
0-0: Ball 1-0: Foul Ball, location: 2F 1-1: Ball 2-1: Ball 3-1: Called Strike 3-2: Foul Ball, location: 2F 3-2: Foul Ball, location: 2F 3-2: Fly out, F7 (Flyball, 7LM)
|
Batting: SHB Cedric Mullins
|
0-0: Called Strike 0-1: Foul Ball, location: 2F 0-2: Foul Ball, location: 2F 0-2: Ball 1-2: Strikes out swinging
|
Bottom of the 7th over - 2 runs, 3 hits, 1 error, 2 left on base; Lehigh Valley 1 - Oklahoma City 4 |
TOP OF THE 8TH |
Lehigh Valley IronPigs batting - Pitching for Oklahoma City Dodgers : RHP Eduardo Paredes
|
Now at 3B: Austin Filiere
|
|
Batting: SHB Victor Caratini
|
0-0: Called Strike 0-1: Ground out U3 (Groundball, 3)
|
Batting: RHB Gavin Cecchini
|
0-0: Called Strike 0-1: Ball 1-1: Ball 2-1: Ball 3-1: Base on Balls
|
Pitching: RHP Tyler Cyr
|
|
Batting: LHB Troy Montgomery
|
0-0: Ball 1-0: Called Strike 1-1: Ball Wild Pitch! Gavin Cecchini to second 2-1: Called Strike 2-2: Fly out, F8 (Flyball, 8LD)
|
Batting: RHB Dustin Peterson
|
0-0: Foul Ball, location: 2F 0-1: Ball 1-1: Ground out 2-3 (Groundball, 2R)
|
Top of the 8th over - 0 runs, 0 hits, 0 errors, 1 left on base; Lehigh Valley 1 - Oklahoma City 4 |
BOTTOM OF THE 8TH |
Oklahoma City Dodgers batting - Pitching for Lehigh Valley IronPigs : RHP Koda Glover
|
Batting: SHB Richard Urena
|
0-0: Called Strike 0-1: Foul Ball, location: 2F 0-2: Ground out 1-3 (Groundball, 23)
|
Batting: RHB Max Pentecost
|
0-0: Ball 1-0: Called Strike 1-1: Ball 2-1: Ground out 4-3 (Groundball, 4)
|
Batting: RHB Bubba Starling
|
0-0: Ball 1-0: Foul Ball, location: 2F 1-1: SINGLE (Flyball, 78S)
|
Batting: RHB Michael Hermosillo
|
0-0: Ball 1-0: Swinging Strike 1-1: Foul Ball, location: 2F 1-2: Strikes out swinging
|
Bottom of the 8th over - 0 runs, 1 hit, 0 errors, 1 left on base; Lehigh Valley 1 - Oklahoma City 4 |
TOP OF THE 9TH |
Lehigh Valley IronPigs batting - Pitching for Oklahoma City Dodgers : RHP Tyler Cyr
|
Pitching: RHP Ryne Stanek
|
|
Now at C: Taylor Gushue
|
|
Now in RF: Elier Hernandez
|
|
Batting: RHB Joey Meneses
|
0-0: Called Strike 0-1: Ball 1-1: Ball 2-1: Foul Ball, location: 2F 2-2: Foul Ball, location: 2F 2-2: Strikes out swinging
|
Batting: RHB Stone Garrett
|
0-0: Called Strike 0-1: Ball 1-1: Ball 2-1: Swinging Strike 2-2: Foul Ball, location: 2F 2-2: Strikes out swinging
|
Batting: LHB Darren Seferina
|
0-0: Swinging Strike 0-1: Ball 1-1: Ball 2-1: Ball 3-1: Foul Ball, location: 2F 3-2: Base on Balls
|
Batting: SHB Andrew Velazquez
|
0-0: Foul Ball, location: 2F 0-1: Ball 1-1: Ball 2-1: Ball 3-1: Fly out, F8 (Line Drive, 8RD)
|
Top of the 9th over - 0 runs, 0 hits, 0 errors, 1 left on base; Lehigh Valley 1 - Oklahoma City 4 |
|